 Dungeon Crawl Stone Soup version 0.24.1-11-gbbbb2193e6 (webtiles) character file.

Game seed: 3849118606115248796, levelgen mode: deterministic

28 Hugehornet the Changer (level 3, 0/23 HPs)
             Began as an Octopode Transmuter on May 16, 2020.
             Slain by an adder (5 damage)
             ... on level 2 of the Dungeon.
             The game lasted 00:01:41 (1010 turns).

Hugehornet the Changer (Octopode Transmuter)        Turns: 1010, Time: 00:01:41

Health: 0/23       AC:  1    Str:  9    XL:     3   Next: 14%
Magic:  4/6        EV: 13    Int: 16    God:
Gold:   19         SH:  0    Dex: 12    Spells: 3/6 levels left

rFire    . . .     SeeInvis .     - Unarmed
rCold    . . .     Gourm    .   (no shield)
rNeg     . . .     Faith    .   (helmet restricted)
rPois    .         Spirit   .   (no amulet)
rElec    .         Reflect  .   (no ring)
rCorr    .         Harm     .   (no ring)
MR       .....                  (no ring)
Stlth    ++........             (no ring)
HPRegen  0.07/turn              (no ring)
MPRegen  0.10/turn              (no ring)
                                (no ring)
                                (no ring)

@: no status effects
A: almost no armour, stealthy swim, amphibious, 8 rings, constrict 8, camouflage
1, gelatinous body 1
a: no special abilities


You were on level 2 of the Dungeon.
You were hungry.

You visited 1 branch of the dungeon, and saw 2 of its levels.

You collected 19 gold pieces.

Inventory:

Missiles
 a - 42 arrows
Jewellery
 b - an uncursed ring of fire
Scrolls
 f - a scroll of fog {unknown}
 h - a scroll of immolation {unknown}
 i - a scroll of enchant armour {unknown}
 j - a scroll of fear {unknown}
Potions
 d - a potion of haste {unknown}
 e - a potion of invisibility {unknown}
 g - a potion of heal wounds {unknown}
Comestibles
 c - 4 rations


   Skills:
 - Level 1.0 Fighting
 - Level 2.0 Dodging
 - Level 3.0 Unarmed Combat
 + Level 2.4 Spellcasting
 - Level 3.1 Transmutations


You had 3 spell levels left.
You knew the following spells:

 Your Spells              Type           Power        Failure   Level  Hunger
a - Beastly Appendage     Tmut           ##....       5%          1    #......
b - Sticks to Snakes      Tmut           ##......     9%          2    ###....

Your spell library contained the following spells:

 Spells                   Type           Power        Failure   Level  Hunger
 Spider Form              Tmut/Pois      #.........   30%         3    ###....
 Ice Form                 Ice/Tmut       #.......     71%         4    #####..
 Blade Hands              Tmut           ##........   83%         5    ######.


Dungeon Overview and Level Annotations

Branches:
Dungeon (2/15)

Altars:


Innate Abilities, Weirdness & Mutations

You cannot wear most types of armour.
You are very stealthy in the water. (Stealth+)
You are amphibious.
You can wear up to eight rings at the same time.
You can use your tentacles to constrict eight enemies at once.
Your skin changes colour to match your surroundings (Stealth+).
Your rubbery body absorbs attacks. (AC +1, EV +1)


Message History

Your experience leads to an increase in your attributes!
Increase (S)trength, (I)ntelligence, or (D)exterity?
You feel clever.
You start resting.
Your transformation is almost over.
You start resting.
You feel sick. x3
Your tentacle spike disappears.
You start resting.
Magic restored.
You feel sick.
You are no longer poisoned.
You start resting.
The adder is too close now for your liking.
You start resting.
The adder is too close now for your liking.
You are feeling hungry.
The adder hisses angrily.
Casting: Beastly Appendage (safe; 5% risk of failure)
Confirm with . or Enter, or press ? or * to list all spells.
You create a snake!
You now have 42 arrows.
The adder bites you.
You die...

..... ... #†##
#..# ##.#
###########.##
#....S..#....#
#.......#....#
#.....S@#....##
#.......#..)..#
#.......#...#.##
#.................
#.......#####..#.#
#.......# #.# #
#.......# .#
#.......# ..
#####.### .


You could see an adder and a friendly ball python.

Vanquished Creatures
  An adder (D:2)
  A leopard gecko (D:2)
  3 giant cockroaches (D:1)
  2 hobgoblins (D:1)
  2 kobolds (D:1)
  5 bats (D:1)
  2 goblins
  3 rats (D:1)
19 creatures vanquished.

Notes
Turn   | Place    | Note
-------+----------+-------------------------------------------
     0 | D:1      | Hugehornet the Octopode Transmuter began the quest for the
                  | Orb.
     0 | D:1      | Reached XP level 1. HP: 13/13 MP: 3/3
   282 | D:1      | Reached XP level 2. HP: 18/18 MP: 3/5
   859 | D:1      | Learned a level 2 spell: Sticks to Snakes
   959 | D:2      | Reached XP level 3. HP: 6/23 MP: 4/6
  1010 | D:2      | Slain by an adder

Levels and vault maps discovered:
D:1:      dpeg_arrival_tiny_f, layout_basic
D:2:      layout_basic

Skill      XL: |  1  2 |
---------------+-------+-----
Transmutations | 3 |  3.1
Fighting       | |  1.0
Dodging        | |  2.0
Unarmed Combat | |  3.0
Spellcasting   | |  2.4

Action                   || total
-------------------------++-------
Melee: Unarmed           ||    39
       Constrict         ||    17
       Kick              ||    14
       Tentacles         ||     4
       Punch             ||     1
 Cast: Beastly Appendage ||    17
       Sticks to Snakes  ||     1
 Stab: Sleeping          ||     6
Armor: Skin              ||     6
Dodge: Dodged            ||    23
